Map: Ice and Chrome LE

Players

Iceweaver - Winner!

  • Race: Zerg Zerg
  • League: Silver
  • Spawn Location: 7:00

NightLight

  • Race: Zerg Zerg
  • League: Gold
  • Spawn Location: 1:00

VOD

Have the link to the VOD?

Description

Time

  • Played on: June 18, 2020, 4:46 p.m.
  • Length: 10:20
Show
View Real Time Build Order
Export as new Build Order

Iceweaver Zerg - Winner!

Build Orders: Hatch First 

Get SALT Encoding   

  12  0:01  Drone  
  13  0:15  Overlord  
  13  0:29  Drone  
  13  0:33  Drone  
  13  0:34  Drone  
  16  0:42  Drone  
  17  0:55  Hatchery  
  17  0:56  Drone  
  17  1:00  Extractor  
  17  1:02  Drone  
  17  1:13  Drone  
  18  1:20  Spawning Pool  
  18  1:24  Drone  
  18  1:34  Drone  
  19  1:45  Drone  
  20  1:56  Drone  
  21  2:06  Queen  
  21  2:08  Hatchery  
  22  2:10  Drone  
  22  2:13  Drone  
  24  2:17  Metabolic Boost  
  24  2:20  Zergling x2  
  25  2:22  Zergling x2  
  25  2:29  Zergling x2  
  26  2:30  Zergling x2  
  26  2:43  Zergling x2  
  26  2:53  Drone x2  
  26  2:54  Drone  
  27  3:05  Drone  
  27  3:14  Overlord x3  
  27  3:19  Queen  
  29  3:21  Zergling x2  
  30  3:42  Drone x6  
  30  3:43  Drone x3  
  30  3:48  Queen  
  41  3:55  Zergling x8  
  45  4:10  Drone x3  
  45  4:11  Drone  
  45  4:15  Lair  
  49  4:20  Roach Warren  
  48  4:26  Spine Crawler  
  48  4:30  Spine Crawler  
  48  4:31  Drone x3  
  48  4:33  Overlord  
  48  4:34  Overlord  
  49  4:56  Extractor  
  49  4:57  Drone x6  
  49  4:58  Drone x2  
  56  5:05  Extractor  
  55  5:11  Zergling x2  
  55  5:12  Zergling x6  
  58  5:15  Roach x4  
  58  5:17  Overlord  
  58  5:18  Overlord x2  
  66  5:30  Spine Crawler x3  
  66  5:31  Spine Crawler  
  66  5:35  Extractor  
  61  5:36  Extractor  
  60  5:47  Glial Reconstitution  
  60  5:53  Drone  
  60  5:54  Drone x4  
  65  5:57  Evolution Chamber  
  65  6:00  Evolution Chamber  
  61  6:08  Drone x2  
  61  6:09  Drone x2  
  61  6:10  Roach x6  
  61  6:11  Roach  
  74  6:30  Zerg Missile Weapons Level 1  
  74  6:31  Zerg Ground Armor Level 1  
  74  6:40  Drone x3  
  74  6:41  Drone  
  74  6:44  Hatchery  
  77  6:48  Roach x4  
  77  6:49  Roach x2  
  89  7:11  Extractor  
  88  7:16  Overlord  
  88  7:17  Overlord x3  
  88  7:22  Drone  
  89  7:29  Overseer  
  89  7:34  Queen x3  
  89  7:46  Roach x5  
  89  7:47  Roach x6  
  109  7:56  Drone x6  
  105  8:01  Drone  
  105  8:02  Queen  
  96  8:35  Roach x9  
  114  8:59  Drone  
  114  9:00  Drone x11  
  126  9:07  Queen  
  128  9:13  Hatchery  
  128  9:14  Overlord x2  
  125  9:36  Drone x2  
  125  9:37  Drone x3  
  130  9:41  Roach x7  
  130  9:43  Overlord x3  
  142  9:59  Extractor  
  141  10:01  Extractor  
  158  10:17  Hatchery  
Show
View Real Time Build Order
Export as new Build Order

NightLight Zerg 

Build Orders: Pool First 

Get SALT Encoding   

  12  0:01  Drone  
  13  0:10  Drone  
  14  0:20  Extractor  
  13  0:22  Extractor  
  13  0:23  Drone x2  
  16  0:36  Spawning Pool  
  16  0:42  Overlord  
  15  1:08  Drone  
  15  1:09  Hatchery  
  15  1:23  Zergling x4  
  15  1:24  Zergling x2  
  18  1:29  Queen  
  20  1:37  Zergling x2  
  21  1:55  Extractor  
  20  2:02  Drone, Extractor  
  20  2:08  Queen  
  21  2:49  Drone x3  
  21  3:09  Roach Warren  
  20  3:28  Overlord x2  
  20  3:30  Drone x2  
  20  3:32  Zergling x6  
  20  3:33  Zergling x4  
  27  4:07  Zergling x10  
  32  4:33  Roach x4  
  32  4:34  Roach x2  
  44  4:51  Overlord  
  44  4:52  Overlord  
  44  5:29  Evolution Chamber  
  44  5:31  Spine Crawler  
  44  5:34  Spine Crawler  
  41  5:38  Lair  
  41  5:39  Metabolic Boost  
  41  5:42  Roach x3  
  49  5:43  Roach x3  
  53  5:50  Roach  
  53  5:51  Roach  
  53  5:54  Drone x2  
  53  5:55  Drone  
  48  6:25  Roach x3, Zergling x2  
  45  6:26  Zergling x4  
  45  6:32  Drone  
  48  6:35  Drone  
  49  6:54  Zerg Melee Weapons Level 1  
  49  6:58  Drone x3  
  49  6:59  Drone  
  53  7:03  Drone  
  54  7:16  Drone x2  
  54  7:17  Drone x2  
  54  7:20  Drone  
  59  7:23  Drone  
  59  7:28  Overlord  
  51  7:56  Zergling x6  
  51  7:57  Zergling x12  
  51  7:58  Zergling x2  
  38  8:25  Drone x2  
  40  8:39  Drone x2  
  42  8:47  Drone  
  42  8:48  Drone x3  
  46  8:52  Queen  
  48  9:08  Drone x5  
  53  9:23  Spore Crawler  
  34  9:47  Spine Crawler  
  34  9:50  Spine Crawler  
  34  9:51  Spine Crawler x3  
Tags
 
Add a new tag
Caveats
  • Supply blocks, unpowered buildings, or Contaminate may cause inaccurate times.
  • Supply counts are checked every 10 seconds.